 Dungeon Crawl Stone Soup version 0.26-b1-32-g5d43845318 (webtiles) character file.

Game seed: 4718785740526524732

224 MajorAdolf the Cudgeller (level 6, -4/56 HPs)
             Began as a Naga Wanderer on Jan 9, 2021.
             Slain by a worker ant (6 damage)
             ... on level 3 of the Dungeon.
             The game lasted 00:06:41 (3858 turns).

MajorAdolf the Cudgeller (Naga Wanderer)            Turns: 3858, Time: 00:06:42

Health: -4/56      AC: 12    Str: 15    XL:     6   Next: 0%
Magic:  15/15      EV:  1    Int: 16    God:
Gold:   178        SH:  0    Dex: -2 (8) Spells: 5/5 levels left

rFire    . . .     SeeInvis +   o - +0 war axe
rCold    . . .     Faith    .   (no shield)
rNeg     . . .     Spirit   .   b - +3 scale mail
rPois    +         Reflect  .   c - +2 helmet
rElec    .         Harm     .   (no cloak)
rCorr    .         Rampage  .   (no gloves)
Will     .....                  (no barding)
Stlth    ..........             (no amulet)
HPRegen  0.18/turn              e - ring of magical power
MPRegen  0.14/turn              (no ring)

@: brilliant, flying, slowed, lost dexterity, very slow
A: large, see invisible, deformed body, poison resistance, slowness 2, spit
poison 1, AC +2
a: Spit Poison


You were on level 3 of the Dungeon.
You visited 1 branch of the dungeon, and saw 4 of its levels.

You collected 178 gold pieces.

Inventory:

Hand Weapons
 o - a +0 war axe (weapon)
Missiles
 l - 4 poisoned darts
Armour
 b - a +3 scale mail (worn)
 c - a +2 helmet (worn)
 i - a +0 chain mail
Jewellery
 e - a ring of magical power (left hand)
 m - an uncursed amulet of the acrobat {unknown}
Scrolls
 d - 4 scrolls of identify
 f - 3 scrolls of remove curse


   Skills:
 + Level 3.2 Fighting
 + Level 0.9(2.6) Axes
 - Level 4.0 Maces & Flails
 - Level 1.0 Throwing
 + Level 3.5 Armour
 + Level 2.4 Dodging
 - Level 1.5 Stealth


You had 5 spell levels left.
You didn't know any spells.
Your spell library was empty.

Dungeon Overview and Level Annotations

Branches:
Dungeon (4/15)
 Temple: D:4-7

Altars:
Okawaru
Xom


Innate Abilities, Weirdness & Mutations

You cannot wear boots.
Your serpentine skin is tough. (AC +2)
You have supernaturally acute eyesight. (SInv)
Armour fits poorly on your strangely shaped body.
Your system is resistant to poisons. (rPois)
You cover ground very slowly.
You can spit poison.


Message History

You aren't carrying any potions.
Unknown command.
Okay, then.
You closely miss the worker ant.
The worker ant is severely wounded.
You miss the quasit.
The quasit bites you but does no damage.
The quasit claws you but does no damage.
The quasit claws you.
* * * LOW HITPOINT WARNING * * *
The worker ant bites you.
* * * LOW HITPOINT WARNING * * *
The quasit bites you but does no damage.
The quasit claws you but does no damage.
The quasit completely misses you.
The worker ant bites you but does no damage.
The quasit bites you but does no damage.
The quasit claws you but does no damage. x2
The worker ant bites you.
You die...

############ ## #.##..#.##.#
.# #.##..#.##.# .#
#.##..#.##.#
.########.##..#.##.#
................##.#
......###.##..#.##.####
......................##
................@......#####
...###.........B5..........#
(.........................##
...###....##...........#..#
....##.............###.#..#
..........................#
....##..#.#...####.###....#
....##..#.#...# #.# #....#
....##..#.#...####)###....#


You could see a worker ant and a quasit.

Vanquished Creatures
  An iguana (D:2)
  An orc wizard (D:3)
  Robin (D:2)
  4 adders
  3 gnolls (D:2)
  2 dart slugs (D:1)
  4 leopard geckos
  3 orcs (D:3)
  4 ball pythons
  9 bats
  3 giant cockroaches
  9 hobgoblins
  2 jackals (D:3)
  8 frilled lizards
  19 goblins
  6 kobolds
  10 rats
89 creatures vanquished.

Notes
Turn   | Place    | Note
-------+----------+-------------------------------------------
     0 | D:1      | MajorAdolf the Naga Wanderer began the quest for the Orb.
     0 | D:1      | MajorAdolf set off with the following items: a +0 mace, a
                  | +2 scale mail, a potion of curing
     0 | D:1      | Reached XP level 1. HP: 18/18 MP: 1/1
   125 | D:1      | Reached XP level 2. HP: 24/25 MP: 2/2
   306 | D:1      | Reached skill level 1 in Dodging
   510 | D:1      | Reached XP level 3. HP: 32/32 MP: 3/3
  1294 | D:2      | HP: 1/32 [gnoll/+0 club (4)]
  1306 | D:2      | Reached XP level 4. HP: 3/39 MP: 4/4
  1894 | D:2      | Found a shimmering altar of Xom.
  1894 | D:2      | Found a shimmering altar of Xom.
  1898 | D:2      | Found a shimmering altar of Xom.
  1898 | D:2      | Found a shimmering altar of Xom.
  1898 | D:2      | Found a shimmering altar of Xom.
  1914 | D:2      | Noticed Robin
  2168 | D:2      | Killed Robin
  2169 | D:2      | Reached XP level 5. HP: 38/46 MP: 5/5
  2289 | D:2      | Found an iron altar of Okawaru.
  3552 | D:3      | Reached XP level 6. HP: 56/56 MP: 6/6
  3846 | D:3      | Lost dexterity.
  3858 | D:3      | HP: 2/56 [worker ant (2)]
  3858 | D:3      | Slain by a worker ant

Illustrated notes

Levels and vault maps discovered:
D:1:      lemuel_arrival_hallway, layout_basic, minmay_quantized
D:2:      layout_basic, old_standard_altar, xom_redecorated, uniq_robin
D:3:      cheibrodos_helix_gallery, layout_basic
D:4:      layout_loops_ring, uniq_pikel, uniq_ijyb, uniq_blork_the_orc

Skill      XL: |  1  2  3  4  5 |
---------------+----------------+-----
Dodging        | 1 2 |  2.4
Fighting       | 2 3 |  3.2
Armour         | 3 |  3.5
Axes           | |  0.9
Maces & Flails | |  4.0
Throwing       | |  1.0
Stealth        | |  1.5

Action                   |  1- 3 |  4- 6 || total
-------------------------+-------+-------++-------
Melee: Mace              |   113 |   107 ||   220
       Hand axe          |       |    55 ||    55
       War axe           |       |    28 ||    28
 Abil: Spit Poison       |     5 |     8 ||    13
  Use: Potion            |     2 |     5 ||     7
       Scroll            |       |     3 ||     3
Armor: Scale mail        |    89 |   323 ||   412
Dodge: Dodged            |    59 |   122 ||   181
